 Dungeon Crawl Stone Soup version 0.17-a0-1105-gbe8b664 (webtiles) character file.

82 Hanyuu the Insei (level 4, -1/42 HPs)
             Began as an Octopode Transmuter on May 21, 2015.
             Succumbed to an orc's poison
             ... on level 3 of the Dungeon.
             The game lasted 00:06:27 (2164 turns).

Hanyuu the Insei (Octopode Transmuter)              Turns: 2164, Time: 00:06:28

Health: -1/42      AC: 22    Str:  9    XL:     4   Next: 43%
Magic:  4/7        EV:  2    Int: 16    God:
Gold:   91         SH:  0    Dex: 12    Spells: 3 memorised, 1 level left

rFire  . . .     SeeInvis .       - Unarmed
rCold  . . .     Clarity  .     (no shield)
rNeg   + + +     SustAb   .     (helmet currently unavailable)
rPois  +         Gourm    .     (no amulet)
rElec  .         Spirit   .     (no ring)
rCorr  .         Warding  .     (no ring)
rMut   .         NoTele   +     (no ring)
MR     .....                    (no ring)
Stlth  +.........               (no ring)
                                (no ring)
                                (no ring)
                                (no ring)

@: lethally poisoned (-1 -> -20), tree-form, very slightly contaminated, not
resistant to hostile enchantments, very unstealthy
A: almost no armour, amphibious, 8 rings, (constrict 8), (camouflage 0),
(gelatinous body 0)
a: no special abilities


You were on level 3 of the Dungeon.
You were very hungry.
You were a tree.
You visited 1 branch of the dungeon, and saw 3 of its levels.

You collected 91 gold pieces.

Inventory:

Hand weapons
 l - a +0 hunting sling
Missiles
 a - 33 arrows
 j - 8 tomahawks (quivered)
 p - 3 poisoned javelins
 s - 29 sling bullets
Magical devices
 n - a wand of slowing (19)
Scrolls
 d - a scroll of teleportation
 g - a scroll of identify
 i - a scroll of amnesia {unknown}
 k - a scroll of recharging {unknown}
 o - 2 scrolls of remove curse {unknown}
 q - a scroll of enchant armour {unknown}
Potions
 e - a potion of invisibility
 f - a potion of brilliance {unknown}
 r - a potion of degeneration
Books
 b - a book of Changes

   Spells                             Type                      Level
   a - Beastly Appendage              Transmutation                1
   b - Sticks to Snakes               Transmutation                2
   c - Spider Form                    Transmutation/Poison         3
   d - Ice Form                       Ice/Transmutation            4
   e - Blade Hands                    Transmutation                5
Comestibles
 c - a bread ration
 h - a meat ration


   Skills:
 - Level 1.0 Fighting
 - Level 2.0 Dodging
 + Level 5.0 Unarmed Combat
 - Level 2.0 Spellcasting
 + Level 2.1 Transmutations


You had one spell level left.
You knew the following spells:

 Your Spells              Type           Power        Failure   Level  Hunger
a - Beastly Appendage     Trmt           #.....       10%         1    #......
b - Sticks to Snakes      Trmt           #.........   14%         2    ###....
c - Spider Form           Trmt/Pois      #.........   38%         3    ###....


Dungeon Overview and Level Annotations

Branches:
Dungeon (3/15)

Altars:
Elyvilon
Kikubaaqudgha
Okawaru


Innate Abilities, Weirdness & Mutations

You cannot wear most types of armour.
You are amphibious.
You can wear up to eight rings at the same time.
((You can use your tentacles to constrict eight enemies at once.))
((Your skin changes colour to match your surroundings (Stealth).))
((Your rubbery body absorbs attacks (AC +1).))


Message History

The orc is severely wounded.
You constrict the orc, but do no damage.
You constrict the orc.
You kill the orc!
* * * LOW HITPOINT WARNING * * *
You feel sick. The orc closely misses you. The orc misses you.
Casting: Beastly Appendage
Confirm with . or Enter, or press ? or * to list all spells.
You miscast Spider Form.
You are very lightly contaminated with residual magic.
Nothing appears to happen.
You are feeling very hungry.
You constrict the orc.
* * * LOW HITPOINT WARNING * * *
You feel sick. The orc closely misses you. The orc hits you with a hand axe.
* * * LOW HITPOINT WARNING * * *
Drink which item? (? for menu, Esc to quit)
It was a potion of lignification.
You turn into a tree.
Your roots penetrate the ground.
You lose your grip on the orc.
You die...

#######
#....?#
#.....#
#.....#
#.....#
#.)...#
#.oo..#
###♣#.......
#)#....[<.
..#.......
#.##.......
#. .......
#. .......
.. .......
..


You could see 2 orcs.

Vanquished Creatures
  An adder (D:2)
  An ooze (D:2)
  2 worms
  2 giant geckos
  2 orcs (D:3)
  5 hobgoblins
  5 jackals (D:1)
  3 quokkas (D:2)
  A ball python (D:2)
  9 bats
  5 giant cockroaches
  8 giant newts
  4 goblins
  4 kobolds
  10 rats
62 creatures vanquished.

Notes
Turn   | Place    | Note
--------------------------------------------------------------
     0 | D:1      | Hanyuu the Octopode Transmuter began the quest for the Orb.
     0 | D:1      | Reached XP level 1. HP: 13/13 MP: 3/3
   312 | D:1      | Reached XP level 2. HP: 4/18 MP: 5/5
  1036 | D:1      | Reached skill level 4 in Unarmed Combat
  1127 | D:1      | Reached XP level 3. HP: 23/23 MP: 6/6
  1131 | D:1      | Learned a level 2 spell: Sticks to Snakes
  1135 | D:1      | Learned a level 3 spell: Spider Form
  1685 | D:2      | Found a white marble altar of Elyvilon.
  1686 | D:2      | Found an ancient bone altar of Kikubaaqudgha.
  1744 | D:2      | Reached XP level 4. HP: 28/28 MP: 7/7
  1855 | D:2      | Reached skill level 5 in Unarmed Combat
  2051 | D:2      | Found an iron altar of Okawaru.
  2163 | D:3      | HP: 1/28 [orc/hand axe (4)]
  2164 | D:3      | Succumbed to an orc's poison

Vault maps used:
D:1:      lightli_arrival_isolated_outpost, serial_glass, glass_columns_b,
          glass_columns_c
D:2:      lemuel_round_altar, gammafunk_temple_overflow_statue

Action                   |  1- 3 |  4- 6 || total
-------------------------+-------+-------++-------
Melee: Unarmed           |   101 |    32 ||   133
 Cast: Beastly Appendage |     4 |       ||     4
  Use: Scroll            |       |     3 ||     3
       Potion            |       |     1 ||     1
 Stab: Sleeping          |     6 |     2 ||     8
  Eat: Chunk             |     3 |       ||     3
